 Dungeon Crawl Stone Soup version 0.21.1-1-g345015f (webtiles) character file.

23742 tev the Cleaver (level 12, -2/94 HPs)
             Began as a Demonspawn Berserker on July 30, 2018.
             Was a High Priest of Trog.
             Slain by a vampire mosquito (5 damage)
             ... on level 12 of the Dungeon.
             The game lasted 01:16:39 (12206 turns).

tev the Cleaver (Demonspawn Berserker)             Turns: 12206, Time: 01:16:52

Health: -2/94      AC: 21    Str: 26    XL:     12   Next: 74%
Magic:  12/12      EV:  8    Int: 14    God:    Trog [*****.]
Gold:   421        SH:  8    Dex: 13    Spells: 11/11 levels left

rFire    . . .     SeeInvis +   L - +12 dire flail "Omelette" {crush, Str+3 Int+6}
rCold    . . .     Gourm    .   (shield currently unavailable)
rNeg     . . .     Faith    .   J - +0 plate armour
rPois    .         Spirit   .   K - +0 helmet
rElec    .         Reflect  .   y - +1 cloak
rCorr    .         Harm     .   d - +2 pair of gloves
MR       +....                  A - +0 pair of boots
Stlth    ..........             (no amulet)
HPRegen  0.25/turn              p - ring of see invisible
MPRegen  0.13/turn              E - ring of protection from magic

@: berserk cooldown, slowed, heavily drained, very slow
A: hooves 1, large bone plates 3, demonic guardian 1, powered by death 1
a: Berserk, Trog's Hand, Brothers in Arms, Burn Spellbooks, Renounce Religion


You were on level 12 of the Dungeon.
You worshipped Trog.
Trog was extremely pleased with you.
You were near starving.

You visited 1 branch of the dungeon, and saw 13 of its levels.

You collected 701 gold pieces.
You spent 280 gold pieces at shops.

Inventory:

Hand Weapons
 B - a +0 war axe of freezing
 L - the +12 dire flail "Omelette" (weapon) {crush, Str+3 Int+6}
   (You found it on level 9 of the Dungeon)

   It inflicts extra damage upon your enemies.
   It affects your strength (+3).
   It affects your intelligence (+6).
 M - a +5 antimagic executioner's axe
Armour
 d - a +2 pair of gloves (worn)
 y - a +1 cloak (worn)
 A - a +0 pair of boots (worn)
 C - a +2 shield
 J - a +0 plate armour (worn)
 K - a +0 helmet (worn)
Jewellery
 a - a +4 ring of strength
 p - a ring of see invisible (left hand)
 E - a ring of protection from magic (right hand)
 P - an uncursed ring of fire {unknown}
Wands
 n - a wand of iceblast (16)
 r - a wand of flame (13)
 I - a wand of clouds (5)
Scrolls
 b - a scroll of fear {unknown}
 f - 6 scrolls of remove curse
 g - 4 scrolls of identify
 i - a scroll of enchant weapon {unknown}
 j - 6 scrolls of teleportation
 l - a scroll of enchant armour
 m - 2 scrolls of blinking
 q - 2 scrolls of immolation {unknown}
 t - 2 scrolls of fog
 v - a scroll of random uselessness {unknown}
 w - 3 scrolls of amnesia {unknown}
 x - 2 scrolls of magic mapping {unknown}
 D - a scroll of vulnerability {unknown}
 N - a scroll of acquirement {unknown}
Potions
 e - 3 potions of brilliance
 h - a potion of resistance {unknown}
 k - a potion of lignification {unknown}
 o - 4 potions of degeneration
 s - 2 potions of curing
 u - 2 potions of agility
 z - a potion of ambrosia {unknown}
 G - 2 potions of might
 O - a potion of berserk rage {unknown}
Comestibles
 c - 12 rations


   Skills:
 + Level 8.7(7.1) Fighting
 - Level 12.0(11.5) Axes
 + Level 9.9(10.6) Maces & Flails
 + Level 7.9(6.4) Armour
 + Level 4.1(2.7) Dodging
 - Level 5.5(4.1) Shields


You had 11 spell levels left.
You didn't know any spells.

Dungeon Overview and Level Annotations

Branches:
Dungeon (13/15)            Temple (0/1) D:5            Lair (0/6) D:10
    Orc (0/2) D:12
 Vaults: D:13-14

Altars:
Ashenzari
Cheibriados
Gozag
Kikubaaqudgha
Makhleb
Okawaru
Qazlal
Trog
Vehumet
Yredelemnul
Zin
Beogh

Shops:
D:4 [   D:8 ?

Annotations:
D:9 exclusion: ice statue
D:12 Rupert


Innate Abilities, Weirdness & Mutations

You have large cloven feet.
You are completely covered in large bone plates. (SH +8)
A weak demonic guardian rushes to your aid.
You regenerate a little health from kills.


Message History

The sky beast closely misses you.
Your shadow imp hits the sky beast.
Rupert closely misses you. The vampire mosquito bites you.
* * * LOW HITPOINT WARNING * * *
The vampire mosquito draws strength from your injuries!
You climb upwards.
There is a stone staircase leading down here.
You feel much better.
The vampire mosquito bites you but does no damage. x2
The vampire mosquito barely misses you.
Rupert hits you with a battleaxe of draining!
* * * LOW HITPOINT WARNING * * *
You feel drained.
* * * LOW HITPOINT WARNING * * *
The sky beast hits you but does no damage.
The vampire mosquito bites you but does no damage.
You block the vampire mosquito's attack.
The sky beast hits you but does no damage.
Rupert hits you but does no damage.
You feel drained. The vampire mosquito bites you.
You die...

#...#...# ######'## ##'######
##..# ###### #.## #..## .....#
#..# ##+#### .....# ####.######
#...... .....# ####.........#####
#...... .....###................#
#......
.....'...##.........###.###......
.....######.....@y..# #...'......
.....# #....@yY..# #####......
##'### #.........# #...... #.#
######.#### #...[.. #.# #.#
##'#### ##.# ##.# #.# #..# #..#
#.# #.## #<## #.## #.#####
##'##### #..#


You could see Rupert (berserk), 2 vampire mosquitoes and a sky beast.

Vanquished Creatures
  A centaur warrior (D:13)
  5 two-headed ogres
  4 death yaks (D:10)
  Nergalle (D:10)
  The ghost of Bluemoon111 the Geomancer, a novice GrEE of Vehumet (D:8)
  2 unseen horrors
  A deep elf mage (D:12)
  The ghost of tev the Chopper, a novice DsBe of Trog (D:6)
  A necromancer (D:13)
  A manticore (D:12)
  An ugly thing (D:11)
  Psyche (D:8)
  A gargoyle (D:12)
  A tengu conjurer (D:12)
  2 trolls
  Prince Ribbit (D:8)
  2 hornets
  2 hippogriffs
  2 shadows (D:12)
  A wraith (D:12)
  2 wyverns
  13 yaks
  4 hungry ghosts
  2 vampire mosquitoes (D:13)
  Edmund (D:5)
  2 water moccasins
  7 orc warriors
  3 phantoms
  2 necrophages
  2 black bears
  An ice beast (D:12)
  4 ogres
  3 centaurs
  A big kobold (D:8)
  Blork the orc (D:6)
  9 bullfrogs
  3 gnoll sergeants (D:6)
  A water moccasin skeleton (D:7)
  2 scorpions
  7 wights
  3 howler monkeys
  4 crimson imps
  4 bullfrog zombies
  3 centaur zombies
  7 hounds
  2 jellies
  2 centaur skeletons
  5 orc priests
  14 orc wizards
  2 bullfrog skeletons
  A gnoll shaman (D:5)
  2 iguanas
  14 worker ants
  A hound zombie (D:8)
  3 hound skeletons
  2 worker ant zombies
  A howler monkey zombie (D:7)
  11 gnolls
  14 adders
  4 shadow imps
  3 adder skeletons
  4 worms
  3 dart slugs
  8 leopard geckos
  54 orcs
  9 giant cockroaches
  13 goblins
  18 hobgoblins
  14 jackals
  6 quokkas
  2 ball pythons (D:1)
  9 bats
  5 frilled lizards
  A jackal skeleton (D:5)
  12 kobolds
  A leopard gecko zombie (D:5)
  A quokka skeleton (D:8)
  A quokka zombie (D:7)
  9 rats
374 creatures vanquished.

Vanquished Creatures (collateral kills)
  3 death yaks (D:10)
  An ogre (D:12)
  3 wights (D:10)
  An orc wizard (D:10)
  4 orcs
12 creatures vanquished.

Grand Total: 386 creatures vanquished

Notes
Turn   | Place    | Note
-------+----------+-------------------------------------------
     0 | D:1      | tev the Demonspawn Berserker began the quest for the Orb.
     0 | D:1      | Reached XP level 1. HP: 18/18 MP: 1/1
    40 | D:1      | Reached skill level 3 in Axes
   144 | D:1      | Gained mutation: You have large cloven feet. [demonic ancestry]
   144 | D:1      | Reached XP level 2. HP: 8/24 MP: 2/2
   512 | D:1      | Reached XP level 3. HP: 16/29 MP: 3/3
   857 | D:1      | Reached ** piety under Trog
  1278 | D:2      | Found a basalt altar of Yredelemnul.
  1279 | D:2      | Found a bloodstained altar of Trog.
  1471 | D:2      | Gained mutation: You are partially covered in large bone plates. (SH +4) [demonic ancestry]
  1471 | D:2      | Reached XP level 4. HP: 32/35 MP: 4/4
  1493 | D:2      | Reached skill level 4 in Axes
  2140 | D:3      | Noticed a bullfrog
  2149 | D:3      | Killed a bullfrog
  2149 | D:3      | Reached XP level 5. HP: 26/41 MP: 5/5
  2668 | D:3      | Reached *** piety under Trog
  2668 | D:3      | Reached skill level 5 in Axes
  2976 | D:4      | Reached XP level 6. HP: 42/47 MP: 6/6
  3437 | D:4      | Found a glowing silver altar of Zin.
  3508 | D:4      | Reached skill level 6 in Axes
  3665 | D:4      | Reached XP level 7. HP: 52/53 MP: 7/7
  3807 | D:4      | Found Motropiv's Armour Boutique.
  3948 | D:4      | Found a stormy altar of Qazlal.
  3978 | D:5      | Entered Level 5 of the Dungeon
  3989 | D:5      | Found a staircase to the Ecumenical Temple.
  4009 | D:5      | Noticed Edmund
  4019 | D:5      | Killed Edmund
  4154 | D:5      | Found an opulent altar of Gozag.
  4297 | D:5      | Reached skill level 7 in Axes
  4869 | D:6      | Noticed tev's ghost (novice DsBe)
  4875 | D:6      | Gained mutation: You are mostly covered in large bone plates. (SH +6) [demonic ancestry]
  4875 | D:6      | Reached XP level 8. HP: 53/59 MP: 8/8
  4887 | D:6      | HP: 4/88 [orc warrior/scimitar (7)]
  5293 | D:5      | Reached skill level 8 in Axes
  5682 | D:5      | Reached **** piety under Trog
  6208 | D:6      | Killed tev's ghost
  6208 | D:6      | Reached skill level 9 in Axes
  6405 | D:6      | Found an ancient bone altar of Kikubaaqudgha.
  6405 | D:6      | Found a shattered altar of Ashenzari.
  6460 | D:6      | Gained mutation: You are completely covered in large bone plates. (SH +8) [demonic ancestry]
  6460 | D:6      | Reached XP level 9. HP: 66/66 MP: 9/9
  6534 | D:6      | Noticed Blork the orc
  6540 | D:6      | Reached skill level 5 in Fighting
  6548 | D:6      | Killed Blork the orc
  7184 | D:7      | Reached skill level 10 in Axes
  7184 | D:7      | Reached skill level 1 in Shields
  7243 | D:7      | Found a stormy altar of Qazlal.
  7614 | D:7      | Found a radiant altar of Vehumet.
  7615 | D:7      | Found a burning altar of Makhleb.
  7769 | D:8      | Noticed Prince Ribbit
  7824 | D:8      | Found Mowniuze's Magic Scroll Shop.
  8051 | D:8      | Bought a scroll of brand weapon for 280 gold pieces
  8129 | D:8      | Noticed a two-headed ogre
  8134 | D:8      | Killed a two-headed ogre
  8134 | D:8      | Reached skill level 5 in Armour
  8134 | D:8      | Gained mutation: You regenerate a little health from kills. [demonic ancestry]
  8134 | D:8      | Reached XP level 10. HP: 75/75 MP: 10/10
  8248 | D:8      | Noticed Psyche
  8253 | D:8      | Noticed Bluemoon111's ghost (novice GrEE)
  8271 | D:8      | Killed Psyche
  8271 | D:8      | Reached skill level 11 in Axes
  8271 | D:8      | Killed Prince Ribbit
  8274 | D:8      | Reached ***** piety under Trog
  8426 | D:8      | Killed Bluemoon111's ghost
  8716 | D:9      | Paralysed by a hornet for 3 turns
  8944 | D:9      | Found a snail-covered altar of Cheibriados.
  9013 | D:9      | Noticed a two-headed ogre
  9018 | D:9      | Killed a two-headed ogre
  9018 | D:9      | Reached skill level 12 in Axes
  9096 | D:9      | Noticed an ice statue
  9345 | D:9      | Got a translucent dire flail
  9351 | D:9      | Identified the +12 dire flail "Omelette" {crush, Str+3 Int+6} (You found it on level 9 of the Dungeon)
  9754 | D:9      | Found an iron altar of Okawaru.
  9789 | D:10     | Entered Level 10 of the Dungeon
  9802 | D:10     | Noticed a death yak
  9803 | D:10     | Noticed a death yak
  9825 | D:10     | Killed a death yak
  9825 | D:10     | Reached skill level 1 in Maces & Flails
  9825 | D:10     | Gained mutation: A weak demonic guardian rushes to your aid. [demonic ancestry]
  9825 | D:10     | Reached XP level 11. HP: 44/82 MP: 11/11
 10046 | D:10     | Noticed an unseen horror
 10052 | D:10     | Killed an unseen horror
 10052 | D:10     | Reached skill level 5 in Shields
 10317 | D:10     | Found a staircase to the Lair.
 10323 | D:10     | Noticed a death yak
 10323 | D:10     | Noticed a death yak
 10326 | D:10     | Noticed a death yak
 10328 | D:10     | Noticed a death yak
 10328 | D:10     | Noticed a death yak
 10339 | D:10     | Killed a death yak
 10342 | D:10     | Killed a death yak
 10347 | D:10     | Killed a death yak
 10348 | D:10     | Killed a death yak
 10348 | D:10     | Received a gift from Trog
 10351 | D:10     | Killed a death yak
 10351 | D:10     | Reached skill level 5 in Maces & Flails
 10354 | D:10     | Killed a death yak
 10449 | D:10     | Noticed Nergalle
 10455 | D:10     | Killed Nergalle
 10629 | D:11     | Noticed a two-headed ogre
 10639 | D:11     | Killed a two-headed ogre
 10740 | D:11     | Reached XP level 12. HP: 85/90 MP: 12/12
 11506 | D:12     | Received a gift from Trog
 11645 | D:12     | Found a staircase to the Orcish Mines.
 11673 | D:12     | Found a roughly hewn altar of Beogh.
 11872 | D:12     | Noticed a two-headed ogre
 11877 | D:12     | Killed a two-headed ogre
 12148 | D:13     | Noticed a centaur warrior
 12157 | D:13     | Killed a centaur warrior
 12169 | D:13     | Noticed a two-headed ogre
 12176 | D:13     | Killed a two-headed ogre
 12188 | D:13     | Noticed Rupert
 12204 | D:13     | HP: 4/93 [vampire mosquito (2)]
 12206 | D:12     | Slain by a vampire mosquito

Skill      XL: |  1  2  3  4  5  6  7  8  9 10 11 12 |
---------------+-------------------------------------+-----
Axes           | 3 4 5 6 7 9 10 12 | 12.0
Dodging        | 2 3 4 |  4.1
Armour         | 2 3 4 5 6 7 |  7.9
Fighting       | 4 5 6 7 8 |  8.7
Shields        | 3 4 5 |  5.5
Maces & Flails | 1 6 9 |  9.9

Action                   |  1- 3 |  4- 6 |  7- 9 | 10-12 || total
-------------------------+-------+-------+-------+-------++-------
Melee: Hand axe          |    83 |       |       |       ||    83
       Kick              |    28 |    49 |    43 |       ||   120
       Broad axe         |    35 |   160 |   166 |       ||   361
       War axe           |       |       |   198 |   154 ||   352
       Dire flail        |       |       |       |   349 ||   349
Invok: Berserk           |     2 |       |    13 |     8 ||    23
       Trog's Hand       |       |       |     6 |     2 ||     8
       Burn Spellbooks   |       |       |     1 |     1 ||     2
       Brothers in Arms  |       |       |       |     2 ||     2
  Use: Scroll            |       |       |     7 |     8 ||    15
       Potion            |       |       |       |     1 ||     1
 Stab: Distracted        |       |       |       |     1 ||     1
  Eat: Chunk             |     4 |     7 |    18 |    24 ||    53
       Ration            |       |       |     3 |     2 ||     5
Armor: Animal skin       |    27 |       |       |       ||    27
       Ring mail         |    27 |    71 |     5 |       ||   103
       Scale mail        |       |       |   143 |       ||   143
       Plate armour      |       |       |       |   269 ||   269
Dodge: Dodged            |    78 |    90 |   168 |   120 ||   456
Block: Other             |       |    37 |    59 |   124 ||   220
       Shield            |       |       |   217 |   146 ||   363
